TOP OF THE 1ST |
Plymouth Cocks batting - Pitching for Watertown Headhunters : LHP José Agámez
|
Pitching: LHP José Agámez
|
|
Batting: RHB Bob Sánchez
|
0-0: Called Strike 0-1: Ball 1-1: Called Strike 1-2: Foul Ball, location: 2F 1-2: Ground out 4-3 (Groundball, 4M)
|
Batting: RHB Guy Bullard
|
0-0: Ball 1-0: Fly out, F8 (Flyball, 8RM)
|
Batting: SHB Juan Morales
|
0-0: Called Strike 0-1: Called Strike 0-2: Ball 1-2: Ball 2-2: Ball 3-2: Foul Ball, location: 2F 3-2: Strikes out swinging
|
Top of the 1st over - 0 runs, 0 hits, 0 errors, 0 left on base; Plymouth 0 - Watertown 0 |
BOTTOM OF THE 1ST |
Watertown Headhunters batting - Pitching for Plymouth Cocks : RHP José García
|
Pitching: RHP José García
|
|
Batting: RHB John Weber
|
0-0: Swinging Strike 0-1: Ball 1-1: Ball 2-1: Ground out 5-3 (Groundball, 56S)
|
Batting: RHB Trent Rowe
|
0-0: Ball 1-0: Ball 2-0: Called Strike 2-1: Ball 3-1: Base on Balls
|
Batting: LHB Leonardo Torres
|
0-0: Ball 1-0: Ball 2-0: Called Strike 2-1: Grounds into double play, 6-4-3 (Groundball, 56)
|
Bottom of the 1st over - 0 runs, 0 hits, 0 errors, 0 left on base; Plymouth 0 - Watertown 0 |
TOP OF THE 2ND |
Plymouth Cocks batting - Pitching for Watertown Headhunters : LHP José Agámez
|
Batting: RHB Raúl Rivera
|
0-0: Ball 1-0: Called Strike 1-1: Fly out, F9 (Flyball, 9LSF)
|
Batting: RHB Edgardo Hernández
|
0-0: Called Strike 0-1: Foul Ball, location: 2F 0-2: Ball 1-2: Strikes out swinging
|
Batting: SHB John Allen
|
0-0: Ball 1-0: Swinging Strike 1-1: Ball 2-1: Called Strike 2-2: DOUBLE (Groundball, 5L)
|
Batting: RHB Reed Brown
|
0-0: Ball 1-0: SINGLE (Line Drive, 5S) John Allen to third Runner from 3rd tries for Home, SAFE, no throw
|
Batting: RHB Chet Mitchell
|
Pickoff Throw to First - Out!
|
Top of the 2nd over - 1 run, 2 hits, 0 errors, 0 left on base; Plymouth 1 - Watertown 0 |
BOTTOM OF THE 2ND |
Watertown Headhunters batting - Pitching for Plymouth Cocks : RHP José García
|
Batting: RHB Robinson Martínez
|
0-0: Called Strike 0-1: Ball 1-1: Ball 2-1: Reached on error, E6 (Groundball, 6)
|
Batting: SHB Carlos González
|
0-0: Fly out, F9 (Flyball, 9)
|
Batting: RHB Pedro López
|
0-0: Called Strike 0-1: Fly out, F9 (Line Drive, 9D)
|
Batting: RHB Andrés Gutiérrez
|
0-0: Ball 1-0: Ball 2-0: Ball 3-0: Called Strike 3-1: Base on Balls Robinson Martínez to second
|
Batting: RHB Paco Canó
|
0-0: Ball 1-0: Fielders Choice at 2nd, 6-4 (Groundball, 6)
|
Bottom of the 2nd over - 0 runs, 0 hits, 1 error, 2 left on base; Plymouth 1 - Watertown 0 |
TOP OF THE 3RD |
Plymouth Cocks batting - Pitching for Watertown Headhunters : LHP José Agámez
|
Batting: RHB Chet Mitchell
|
0-0: Bunted foul 0-1: Ball 1-1: Foul Ball, location: 2F 1-2: Ground out 5-3 (Groundball, 56S)
|
Batting: RHB Flip Lorent
|
0-0: Ground out U3 (Groundball, 34S)
|
Batting: RHB Bob Sánchez
|
0-0: Called Strike 0-1: Ball 1-1: Ball 2-1: Called Strike 2-2: Ball 3-2: Fly out, F8 (Flyball, 8RM)
|
Top of the 3rd over - 0 runs, 0 hits, 0 errors, 0 left on base; Plymouth 1 - Watertown 0 |
BOTTOM OF THE 3RD |
Watertown Headhunters batting - Pitching for Plymouth Cocks : RHP José García
|
Batting: RHB António Garza
|
0-0: Called Strike 0-1: SINGLE (Groundball, 56D)
|
Batting: RHB John Weber
|
0-0: Fly out, F9 (Flyball, 9S)
|
Batting: RHB Trent Rowe
|
0-0: Ball 1-0: Called Strike 1-1: Foul Ball, location: 2F 1-2: Strikes out swinging
|
Batting: LHB Leonardo Torres
|
0-0: Called Strike 0-1: Foul Ball, location: 2F 0-2: Foul Ball, location: 2F 0-2: Ball 1-2: Ball 2-2: SINGLE (Groundball, 34D) António Garza to second Runner from 2nd tries for 3rd, SAFE, no throw
|
Batting: RHB Robinson Martínez
|
0-0: Fly out, F7 (Flyball, 7S)
|
Bottom of the 3rd over - 0 runs, 2 hits, 0 errors, 2 left on base; Plymouth 1 - Watertown 0 |
TOP OF THE 4TH |
Plymouth Cocks batting - Pitching for Watertown Headhunters : LHP José Agámez
|
Batting: RHB Guy Bullard
|
0-0: Ground out 4-3 (Groundball, 34)
|
Batting: SHB Juan Morales
|
0-0: Called Strike 0-1: Foul Ball, location: 2F 0-2: Ball 1-2: Ball 2-2: Ball 3-2: Base on Balls
|
Batting: RHB Raúl Rivera
|
0-0: Ball 1-0: SINGLE (Flyball, 9S) Juan Morales to second Runner from 2nd tries for 3rd, SAFE, no throw
|
Batting: RHB Edgardo Hernández
|
0-0: Ball 1-0: Foul Ball, location: 2F 1-1: Ball 2-1: Swinging Strike 2-2: Strikes out looking
|
Batting: SHB John Allen
|
0-0: Fly out, F7 (Line Drive, 7)
|
Top of the 4th over - 0 runs, 1 hit, 0 errors, 2 left on base; Plymouth 1 - Watertown 0 |
BOTTOM OF THE 4TH |
Watertown Headhunters batting - Pitching for Plymouth Cocks : RHP José García
|
Batting: SHB Carlos González
|
0-0: Called Strike 0-1: Foul Ball, location: 2F 0-2: Ground out 6-3 (Groundball, 6M)
|
Batting: RHB Pedro López
|
0-0: Ball 1-0: Foul Ball, location: 2F 1-1: Ground out 3-1 (Groundball, 34)
|
Batting: RHB Andrés Gutiérrez
|
0-0: Called Strike 0-1: Ball 1-1: Fly out, F9 (Line Drive, 9)
|
Bottom of the 4th over - 0 runs, 0 hits, 0 errors, 0 left on base; Plymouth 1 - Watertown 0 |
TOP OF THE 5TH |
Plymouth Cocks batting - Pitching for Watertown Headhunters : LHP José Agámez
|
Batting: RHB Reed Brown
|
0-0: Ball 1-0: Foul Ball, location: 2F 1-1: Ball 2-1: Called Strike 2-2: Strikes out swinging
|
Batting: RHB Chet Mitchell
|
0-0: Ball 1-0: Ball 2-0: Ground out U3 (Groundball, 34)
|
Batting: RHB Flip Lorent
|
0-0: Called Strike 0-1: Ball 1-1: Foul Ball, location: 2F 1-2: Fly out, F7 (Line Drive, 78D)
|
Top of the 5th over - 0 runs, 0 hits, 0 errors, 0 left on base; Plymouth 1 - Watertown 0 |
BOTTOM OF THE 5TH |
Watertown Headhunters batting - Pitching for Plymouth Cocks : RHP José García
|
Batting: RHB Paco Canó
|
0-0: Called Strike 0-1: Ball 1-1: Ground out 4-3 (Groundball, 4M)
|
Batting: RHB António Garza
|
0-0: Swinging Strike 0-1: Swinging Strike 0-2: Strikes out looking
|
Batting: RHB John Weber
|
0-0: Foul Ball, location: 2F 0-1: SOLO HOME RUN (Flyball, 7D), Distance : 420 ft
|
Batting: RHB Trent Rowe
|
0-0: Ball 1-0: Swinging Strike 1-1: Foul Ball, location: 2F 1-2: Fly out, F9 (Flyball, 9LSF)
|
Bottom of the 5th over - 1 run, 1 hit, 0 errors, 0 left on base; Plymouth 1 - Watertown 1 |
TOP OF THE 6TH |
Plymouth Cocks batting - Pitching for Watertown Headhunters : LHP José Agámez
|
Batting: RHB Bob Sánchez
|
0-0: Ball 1-0: Ball 2-0: Called Strike 2-1: Swinging Strike 2-2: Fly out, F8 (Flyball, 78D)
|
Batting: RHB Guy Bullard
|
0-0: SINGLE (Groundball, 6D)
|
Batting: SHB Juan Morales
|
0-0: Ball 1-0: Foul Ball, location: 2F 1-1: Foul Ball, location: 2F 1-2: Strikes out swinging
|
Batting: RHB Raúl Rivera
|
0-0: Ball Guy Bullard steals 2nd base 1-0: SINGLE (Line Drive, 9LS) Guy Bullard to third Runner from 3rd tries for Home, SAFE, no throw
|
Batting: RHB Edgardo Hernández
|
0-0: 2-RUN HOME RUN (Flyball, 9D), Distance : 367 ft
|
Pitching: RHP Manuel Trevino
|
|
Batting: SHB John Allen
|
0-0: Ball 1-0: Ball 2-0: SINGLE (Line Drive, 9S)
|
Batting: RHB Reed Brown
|
0-0: Ball 1-0: Swinging Strike 1-1: Called Strike 1-2: Ball 2-2: Ground out 4-3 (Groundball, 4)
|
Top of the 6th over - 3 runs, 4 hits, 0 errors, 1 left on base; Plymouth 4 - Watertown 1 |
BOTTOM OF THE 6TH |
Watertown Headhunters batting - Pitching for Plymouth Cocks : RHP José García
|
Batting: LHB Leonardo Torres
|
0-0: Called Strike 0-1: DOUBLE (Line Drive, 9D)
|
Batting: RHB Robinson Martínez
|
0-0: SINGLE (Line Drive, 7LS) Leonardo Torres to third
|
Batting: SHB Carlos González
|
0-0: Ball 1-0: Foul Ball, location: 2F 1-1: Ball 2-1: Ball 3-1: Base on Balls Robinson Martínez to second
|
Batting: RHB Pedro López
|
0-0: Ball 1-0: Swinging Strike 1-1: Foul Ball, location: 2F 1-2: Ball 2-2: Foul Ball, location: 2F 2-2: Ground out 5-3 (Groundball, 25) Leonardo Torres scores Robinson Martínez to third Carlos González to second
|
Batting: RHB Andrés Gutiérrez
|
0-0: Called Strike 0-1: Swinging Strike 0-2: Strikes out swinging
|
Batting: RHB Paco Canó
|
0-0: Ground out 5-3 (Groundball, 56)
|
Bottom of the 6th over - 1 run, 2 hits, 0 errors, 2 left on base; Plymouth 4 - Watertown 2 |
TOP OF THE 7TH |
Plymouth Cocks batting - Pitching for Watertown Headhunters : RHP Manuel Trevino
|
Batting: RHB Chet Mitchell
|
0-0: Ball 1-0: Ball 2-0: Foul Ball, location: 2F 2-1: Fly out, F8 (Line Drive, 8LM)
|
Batting: RHB Flip Lorent
|
0-0: Ground out 4-3 (Groundball, 4)
|
Batting: RHB Bob Sánchez
|
0-0: Ground out 6-3 (Groundball, 6D)
|
Top of the 7th over - 0 runs, 0 hits, 0 errors, 0 left on base; Plymouth 4 - Watertown 2 |
BOTTOM OF THE 7TH |
Watertown Headhunters batting - Pitching for Plymouth Cocks : RHP José García
|
Batting: RHB António Garza
|
0-0: Ball 1-0: Ground out 5-3 (Groundball, 56S)
|
Batting: RHB John Weber
|
0-0: Called Strike 0-1: Ball 1-1: Foul Ball, location: 2F 1-2: Ball 2-2: Fly out, F9 (Line Drive, 9)
|
Batting: RHB Trent Rowe
|
0-0: Called Strike 0-1: Foul Ball, location: 2F 0-2: SINGLE (Flyball, 9LS)
|
Batting: LHB Leonardo Torres
|
0-0: Fly out, F9 (Flyball, 9)
|
Bottom of the 7th over - 0 runs, 1 hit, 0 errors, 1 left on base; Plymouth 4 - Watertown 2 |
TOP OF THE 8TH |
Plymouth Cocks batting - Pitching for Watertown Headhunters : RHP Manuel Trevino
|
Batting: RHB Guy Bullard
|
0-0: Ball 1-0: Ground out U3 (Groundball, 3)
|
Batting: SHB Juan Morales
|
0-0: Swinging Strike 0-1: Foul Ball, location: 2F 0-2: Strikes out swinging
|
Batting: RHB Raúl Rivera
|
0-0: Ball 1-0: Fly out, F8 (Line Drive, 89D)
|
Top of the 8th over - 0 runs, 0 hits, 0 errors, 0 left on base; Plymouth 4 - Watertown 2 |
BOTTOM OF THE 8TH |
Watertown Headhunters batting - Pitching for Plymouth Cocks : RHP José García
|
Batting: RHB Robinson Martínez
|
0-0: Ball 1-0: Called Strike 1-1: Ball 2-1: Called Strike 2-2: Ground out 6-3 (Groundball, 6)
|
Batting: SHB Carlos González
|
0-0: Ball 1-0: Called Strike 1-1: Ground out 6-3 (Groundball, 6)
|
Batting: RHB Pedro López
|
0-0: Ball 1-0: Ground out 5-3 (Groundball, 5S)
|
Bottom of the 8th over - 0 runs, 0 hits, 0 errors, 0 left on base; Plymouth 4 - Watertown 2 |
TOP OF THE 9TH |
Plymouth Cocks batting - Pitching for Watertown Headhunters : RHP Manuel Trevino
|
Batting: RHB Edgardo Hernández
|
0-0: Called Strike 0-1: Ball 1-1: Foul Ball, location: 2F 1-2: Ball 2-2: Strikes out swinging
|
Batting: SHB John Allen
|
0-0: DOUBLE (Flyball, 89D)
|
Batting: RHB Reed Brown
|
0-0: Intentional Walk
|
Pinch Hitting: RHB Sam Elder
|
0-0: Ball 1-0: Fly out, F4 (Popup, 4M)
|
Batting: RHB Flip Lorent
|
0-0: Ball 1-0: Called Strike 1-1: Swinging Strike 1-2: Foul Ball, location: 2F 1-2: Foul Ball, location: 2F 1-2: Fly out, F9 (Flyball, 9)
|
Top of the 9th over - 0 runs, 1 hit, 0 errors, 2 left on base; Plymouth 4 - Watertown 2 |
BOTTOM OF THE 9TH |
Watertown Headhunters batting - Pitching for Plymouth Cocks : RHP José García
|
Now at 3B: Sam Elder
|
|
Batting: RHB Andrés Gutiérrez
|
0-0: Fly out, F1 (Line Drive, 13S)
|
Batting: RHB Paco Canó
|
0-0: Ball 1-0: Ball 2-0: Called Strike 2-1: Fly out, F5 (Line Drive, 5)
|
Batting: RHB António Garza
|
0-0: Ball 1-0: Foul Ball, location: 2F 1-1: Hit by Pitch
|
Batting: RHB John Weber
|
0-0: Called Strike 0-1: Called Strike 0-2: Foul Ball, location: 2F 0-2: Ball 1-2: Ball 2-2: Foul Ball, location: 2F 2-2: Foul Ball, location: 2F 2-2: Fly out, F2 (Popup, 3SF)
|
Bottom of the 9th over - 0 runs, 0 hits, 0 errors, 1 left on base; Plymouth 4 - Watertown 2 |
|